[Event "Nordstansblixten 2025"]
[Site "Nordstan, Göteborg, Sweden"]
[Date "2025.05.10"]
[Round "1.2"]
[White "Karlsson, Stefan"]
[Black "Molokov, Andrey"]
[Result "1-0"]
[TimeControl "3 minutes + 2 seconds per move from move one"]
[WhiteFideId "1771183"]
[BlackFideId "1780450"]
[WhiteElo "2128"]
[BlackElo "1592"]

1. d3 c5 2. Nd2 Nc6 3.
Ngf3 g6 4. g3 Bg7 5. Bg2 e6 6.
O-O Nge7 7. e4 O-O 8. c3 d5 9. a4 a6 10. Re1 Bd7 11. Nb3 c4 12. dxc4 dxc4 13. Nbd2 b5 14. axb5 axb5 15.
Rxa8 Qxa8 16. Nxc4 bxc4 17. Qxd7 Rd8 18. Qc7 Qb8 19. Qxb8 Rxb8 20. Rd1 1-0

[Event "Nordstansblixten 2025"]
[Site "Nordstan, Göteborg, Sweden"]
[Date "2025.05.10"]
[Round "1.4"]
[White "Buzleta, Patrik"]
[Black "Vijayshankar, Kathir Nilavan"]
[Result "1-0"]
[TimeControl "3 minutes + 2 seconds per move from move one"]
[WhiteFideId "1755463"]
[BlackFideId "1790030"]
[WhiteElo "1950"]
[BlackElo "1556"]

1. Nf3 g6 2. Nc3 Bg7 3.
b3 d6 4. Bb2 c5 5. Qc1 Bg4 6. Ng1 Nc6 7. h3 Bf5 8. Nf3 Nf6 9. g4 Be4 10. Nxe4 Nxe4 11. Bxg7 Rg8 12. Bb2 Qa5 13. Bg2 Qb6 14. O-O Nd4 15. Nxd4 Nxf2 16. Rxf2 cxd4 17. d3 Rc8 18.
Qf4 Rf8 19. Rc1 e5 20. Qe4 Qa6 21. a3 b5 22. Qb7 Qxb7 23. Bxb7 Rb8 24. Bc6+ Ke7 25. g5 b4 26. a4 f5 27. gxf6+ Rxf6 28. Rxf6 Kxf6 29. Rf1+ Kg5 30. Bc1+ Kh4 31. Kg2 Rc8 32. Bd7 Rxc2 33. Be6 Rxe2+ 34. Kf3 Rc2 35. Bg8 Rc3 36. Ke4 Kxh3 37. Bxh7 g5 38. Bf5+ Kh4 39. Rg1 Rxb3 40. Bxg5 Kh5 41. Be7 Kh6 42. Rh1+ Kg7 43. Rh7+ Kg8 44. Bxd6 Rb1 45. Rxa7 b3 46. Bxe5 b2 47. Be6+ Kf8 48. Rb7 Re1+ 49. Kd5 b1=Q 50. Rxb1 Rxb1 51. Bxd4 Rb4 52.
Bd7 Ke7 53. Bb5 Kd8 54. Bc5 Rb1 55.
d4 Kc7 56. Kc4 Rc1+ 57. Kb4 Rb1+ 58. Ka5 Rf1 59. Bb6+ Kd6 60.
Bxf1 Kd5 61. Kb5 Kd6 62. a5 Kd5 63. Bg2 Ke6 64. a6 Kd7 65. a7 Ke6 66. a8=Q Ke7 67. Qe4+ Kf6 68. Bd8+ Kf7 69. Qf5+ Ke8 70. Qe6+ Kf8 71.
Qe7+ Kg8 72. Bd5+ Kh8 73. Qf6+ Kh7 74. Be4+ Kg8 75. Qg6+ Kf8 76.
Qf6+ Kg8 77. Bd5+ Kh7 78. Bg8+ Kxg8 79. d5 Kh7 80. d6 Kg8 81. Be7 Kh7 82. d7 Kg8 83. d8=Q+ Kh7 84. Qdh8# 1-0

[Event "Nordstansblixten 2025"]
[Site "Nordstan, Göteborg, Sweden"]
[Date "2025.05.10"]
[Round "1.5"]
[White "Alsjo, Sigge"]
[Black "Kenani, Dariush"]
[Result "0-1"]
[TimeControl "3 minutes + 2 seconds per move from move one"]
[WhiteFideId "1794027"]
[BlackFideId "1707973"]
[WhiteElo "1539"]
[BlackElo "1933"]

1. e4 Nf6 2. Nc3 d6 3. Nf3 g6 4. d4 Bg7 5.
Bc4 c6 6. O-O O-O 7. Bg5 Qc7 8. Qd2 Re8 9. e5 Nfd7 10. exd6 exd6 11. Rfe1 Nf6 12. Bxf6 Rxe1+ 13. Rxe1 Bxf6 14. Re8+ Kg7 15. Ne4 Bd8 16. Qf4 Bf5 17. Nxd6 Qd7 18. Qe5+ Bf6 19. Qe7 Bxe7 20. Ne5 Qxd6 0-1

[Event "Nordstansblixten 2025"]
[Site "Nordstan, Göteborg, Sweden"]
[Date "2025.05.10"]
[Round "2.1"]
[White "Wellevit, Tomas"]
[Black "Gustavsson, Ville"]
[Result "1-0"]
[TimeControl "3 minutes + 2 seconds per move from move one"]
[WhiteFideId "1731963"]
[BlackFideId "1792822"]
[WhiteElo "2131"]
[BlackElo "1798"]

1. e4 c6 2. d4 d5 3.
Nd2 dxe4 4. Nxe4 Nf6 5. Ng3 h5 6. h4 Qc7 7. Nf3 Bg4 8. Be2 e6 9. Ne5 Nbd7 10. Nxg4 hxg4 11. Bxg4 Bd6 12. Qf3 Bxg3 13. fxg3 O-O-O 14. Bg5 Qa5+ 15. Bd2 Qb5 16. O-O-O Nb6 17. Bh3 Rxd4 18. Bc3 Ra4 19. Qd3 Qd5 20. Qxd5 Nbxd5 21. Bxf6 Nxf6 22.
a3 Nd5 23. Rhf1 Rf8 24. Bxe6+ Kc7 25. Bxd5 cxd5 26. Rxd5 Rg4 27. Rf3 f6 28. c3 Re8 29. Kd2 Rge4 30. Rf2 Re3 31. Rd3 R3e4 32. b4 Kc6 33. a4 a6 34. Rd4 Re3 35. Rf3 Re2+ 36. Kd3 Rxg2 37. Rg4 Re7 38. Rc4+ Kd7 39. Rd4+ Kc8 40. Kc4 Rge2 41. Rfd3 R2e3 42. Rd8+ Kc7 43. R8d7+ Rxd7 44. Rxe3 Kd6 45. Rd3+ Ke6 46. Rxd7 Kxd7 47. Kd5 b6 48. c4 g6 49.
g4 Ke7 50. c5 bxc5 51. bxc5 Kd7 52. c6+ Kc7 53. Kc5 a5 54. Kd5 Kb6 55. Kd6 Kc5+ 56. c7+ 1-0

[Event "Nordstansblixten 2025"]
[Site "Nordstan, Göteborg, Sweden"]
[Date "2025.05.10"]
[Round "2.2"]
[White "Torres, Lucas"]
[Black "Karlsson, Stefan"]
[Result "1-0"]
[TimeControl "3 minutes + 2 seconds per move from move one"]
[WhiteFideId "1769464"]
[BlackFideId "1771183"]
[WhiteElo "1805"]
[BlackElo "2128"]

1. e4 c5 2. Nc3 Nc6 3. Bb5 Nd4 4. Nf3 a6 5. Bd3 g6 6. Nxd4 cxd4 7. Ne2 Bg7 8.
f4 e6 9.
O-O Ne7 10. c3 Nc6 11. Kh1 O-O 12. Qe1 d5 13. e5 dxc3 14. dxc3 f6 15. exf6 Qxf6 16. Be3 e5 17. fxe5 Qxf1+ 18. Qxf1 Rxf1+ 19. Rxf1 Nxe5 20. Bc2 Bg4 21. Nf4 Nc4 22. Bc1 Rf8 23. h3 Bd7 24.
Kg1 d4 25. Bb3 Bb5 26. a4 dxc3 27. axb5 Bd4+ 28. Kh1 axb5 29. bxc3 Bxc3 30. Rf3 Bd4 31. Ne6 Rxf3 32. gxf3 Bb6 33. Kg2 Kf7 34. Ng5+ Kg7 35.
Ne4 Bd4 36. Bxc4 bxc4 37. Nd6 c3 38. Nxb7 Kf6 39. Na5 Ke6 40.
Nb3 Bb6 1-0

[Event "Nordstansblixten 2025"]
[Site "Nordstan, Göteborg, Sweden"]
[Date "2025.05.10"]
[Round "2.3"]
[White "Cigoja, Vuk"]
[Black "Buzleta, Patrik"]
[Result "1/2-1/2"]
[TimeControl "3 minutes + 2 seconds per move from move one"]
[WhiteFideId "14411628"]
[BlackFideId "1755463"]
[WhiteElo "1719"]
[BlackElo "1950"]

1. e4 e6 2. d4 a6 3. c4 g6 4. Bd3 Bg7 5. Be3 d6 6. Ne2 b6 7. Nbc3 Bb7 8. Qd2 h6 9. O-O Nf6 10. Rac1 Ng4 11. d5 Qe7 12. h3 Nxe3 13. Qxe3 Nd7 14. b4 O-O 15. Qg3 Ne5 16. f4 Nxd3 17.
Qxd3 Rfe8 18. a4 b5 19. cxb5 axb5 20. Nxb5 Ba6 21. Nec3 Bxc3 22.
Qxc3 exd5 23. exd5 Qe3+ 24. Qxe3 Rxe3 25. Nxc7 Bxf1 26. Nxa8 Bd3 27. Nb6 Re4 28. Rd1 Bc2 29. Rd2 Bb3 30. b5 Bxa4 31. Nxa4 Rxa4 32. Rb2 Ra8 33. b6 Rb8 34. b7 Kf8 35. Kf2 Ke7 36. Ke3 Kd7 37. Rb6 Kc7 38. Rc6+ Kd7 39. Rb6 Kc7 40. Rc6+ 1/2-1/2

[Event "Nordstansblixten 2025"]
[Site "Nordstan, Göteborg, Sweden"]
[Date "2025.05.10"]
[Round "2.4"]
[White "Kenani, Dariush"]
[Black "Madevan Vaishnavi, Yaashvan"]
[Result "0-1"]
[TimeControl "3 minutes + 2 seconds per move from move one"]
[WhiteFideId "1707973"]
[BlackFideId "1772180"]
[WhiteElo "1933"]
[BlackElo "1717"]

1. d4 d5 2. c4 e6 3.
Nc3 Nf6 4. e3 c5 5. Bd3 Nc6 6.
Nf3 b6 7. cxd5 exd5 8. O-O Bd6 9. dxc5 Bxc5 10. Bb5 Bb7 11. Qa4 Qd6 12. Rd1 O-O 13. e4 d4 14. Be3 a6 15. Bxc6 Bxc6 16.
Qc2 Qe7 17. Nxd4 Bxe4 18. Nxe4 Qxe4 19. Qxe4 Nxe4 20. Nf5 Bxe3 21. Nxe3 Rfd8 22. f3 Nf6 23. Kf2 Kf8 24. Ke2 b5 25.
Rac1 Rxd1 26. Rxd1 g6 27. Rd6 Ke7 28. Rc6 a5 29. a3 Rb8 30. g3 b4 31. Rc2 bxa3 32. bxa3 Rb3 33. Nc4 a4 34. Kd2 Nd5 35. Ra2 Rxf3 36. Ra1 Rf2+ 37. Kd3 Rxh2 38.
Kd4 Nf6 39. Ne3 Rd2+ 40. Kc3 Re2 41.
Kd3 Rb2 42. Kc3 Rb3+ 43. Kd4 h5 44. Nf1 Ng4 45. Nd2 Rxg3 46. Ne4 Re3 47. Ra2 Rb3 48. Ra1 h4 49. Ra2 f5 50. Ng5 Re3 51. Rg2 Rxa3 52. Re2+ Kf6 53. Nh7+ Kg7 54. Ng5 Kf6 55. Nh7+ Kf7 56. Ng5+ Kg8 57. Ne6 h3 58.
Nf4 h2 59. Re1 Re3 60. Rh1 a3 61. Nh3 Rxh3 62. Kc4 Nf2 63. Ra1 h1=Q
64. Rxh1 Rxh1 65. Kb3 g5 66. Kxa3 g4 67. Kb4 g3 68.
Kc5 g2 69. Kd4 g1=Q 70. Ke3 Ng4+ 71. Kf4 Qf2+ 72. Kg5 Rh5+ 73.
Kg6 f4 74. Kxh5 f3 75. Kxg4 Qg2+ 76. Kf4 f2 77. Ke3 f1=R 78. Kd3 Qg5 79. Ke4 Qf6 80. Kd5 Re1 81. Kc4 Qd6 82. Kc3 Rc1+ 83. Kb2 Rc8 84. Kb3 Qb6+ 0-1

[Event "Nordstansblixten 2025"]
[Site "Nordstan, Göteborg, Sweden"]
[Date "2025.05.10"]
[Round "2.5"]
[White "Ring, Sami"]
[Black "Olivius, Sten"]
[Result "0-1"]
[TimeControl "3 minutes + 2 seconds per move from move one"]
[WhiteFideId "1785869"]
[BlackFideId "1788728"]
[WhiteElo "1712"]
[BlackElo "1874"]

1. e4 e6 2. d4 d5 3. Nc3 Nf6 4. e5 Nfd7 5. f4 c5 6. Nf3 Nc6 7. Be3 Qb6 8. Na4 Qa5+ 9.
c3 cxd4 10. Nxd4 Nxd4 11. Bxd4 b5 12.
b4 Qxa4 13. Qxa4 bxa4 14. a3 a5 15. Bd3 axb4 16. cxb4 Ba6 17. b5 Bb7 18. O-O Nc5 19. Bxc5 Bxc5+ 20. Kh1 O-O 21. Rf3 f6 22. Rh3 f5 23. g4 g6 24. g5 Rac8 25.
Rh6 Be3 26. Kg2 Bxf4 27. h4 Rc3 28. Bf1 d4+ 29. Kf2 Be4 30. Re1 Bg3+ 31. Ke2 Bxe1 32. Kxe1 Rxa3 33. h5 Kg7 34. hxg6 hxg6 35. Bc4 Re3+ 36. Kf2 Re8 37. b6 Re7 38. Rh2 a3 39. Kf1 Bd3+ 40. Bxd3 Rxd3 41. Rc2 Rc3 42. Ra2 Rb7 43. Ke2 Rxb6 44. Kd2 Rb2+ 0-1

[Event "Nordstansblixten 2025"]
[Site "Nordstan, Göteborg, Sweden"]
[Date "2025.05.10"]
[Round "2.6"]
[White "Mohammed, Safian Haj"]
[Black "Wennerholm, Camilla"]
[Result "1-0"]
[TimeControl "3 minutes + 2 seconds per move from move one"]
[WhiteFideId "1729276"]
[BlackFideId "1776380"]
[WhiteElo "1874"]
[BlackElo "1599"]

1. e4 c5 2. Nf3 Nc6 3. d4 cxd4 4. Nxd4 e5 5. Nb5 d6 6. N1c3 a6 7. Na3 Nf6 8. Bg5 Be6 9. Nd5 Qa5+ 10. Bd2 Qd8 11. Nxf6+ Qxf6 12. c3 b5 13. Nc2 Be7 14.
Ne3 Rd8 15. Nd5 Bxd5 16. exd5 Na5 17. a4 Nc4 18. axb5 axb5 19. Bxc4 bxc4 20. Qa4+ Kf8 21. Qxc4 e4 22. O-O Re8 23.
Be3 Qf5 24. Bd4 Bg5 25. Rfe1 Bd2 26. Re2 Bg5 27. Ra7 h5 28. Qc7 Be7 29. Re3 Rh7 30. b4 g5 31. Qc6 Qg4 32. Re1 h4 33.
Ra8 1-0

[Event "Nordstansblixten 2025"]
[Site "Nordstan, Göteborg, Sweden"]
[Date "2025.05.10"]
[Round "2.7"]
[White "Eriksson, Leo"]
[Black "Bergdahl, Martin"]
[Result "0-1"]
[TimeControl "3 minutes + 2 seconds per move from move one"]
[WhiteFideId "1795406"]
[BlackFideId "1782231"]
[WhiteElo "1641"]
[BlackElo "1867"]

1. d4 Nf6 2. c4 g6 3. Nc3 Bg7 4. Bg5 O-O 5. Bxf6 Bxf6 6. Nf3 d6 7. e4 c5 8. e5 cxd4 9.
exf6 dxc3 10. fxe7 Qxe7+ 11. Be2 cxb2 12. Rb1 Qf6 13. Qd4 Qxd4 14. Nxd4 Re8 15. O-O Nc6 16. Nxc6 Rxe2 17. Nd4 Rd2 18. Rfd1 Rxd1+ 19. Rxd1 Be6 20. Nxe6 fxe6 21. Rb1 b5 22. cxb5 Rc8 23. g3 Rc1+ 0-1

[Event "Nordstansblixten 2025"]
[Site "Nordstan, Göteborg, Sweden"]
[Date "2025.05.10"]
[Round "2.10"]
[White "Kadunic, Admir"]
[Black "Hammar, Arvid"]
[Result "1-0"]
[TimeControl "3 minutes + 2 seconds per move from move one"]
[WhiteFideId "1773542"]
[BlackFideId "1735977"]
[WhiteElo "2109"]
[BlackElo "1667"]

1. d4 Nf6 2. Bg5 d5 3.
e3 Nc6 4. Bd3 h6 5. Bh4 g5 6. Bg3 e6 7. Nd2 Bd6 8. Ne2 Bxg3 9. Nxg3 Bd7 10. c3 Qe7 11.
Qe2 O-O-O 12. e4 e5 13. dxe5 Nxe5 14. Bc2 dxe4 15. Ngxe4 Rhe8 16. O-O Bc6 17. f3 Bxe4 18. Nxe4 Nxe4 19.
Qxe4 Qc5+ 20. Kh1 Nc4 21. Qg4+ f5 22. Qxf5+ Qxf5 23. Bxf5+ Kb8 24. Rf2 Re5 25. Be4 Nd6 26. Re2 c6 27. Rae1 Nxe4 28. fxe4 Kc7 29. Kg1 b5 30.
Kf2 c5 31. Ke3 c4 32. Rd2 Rde8 33. Rd4 Kc6 34. Rf1 R8e6 35. Rf8 a5 36. a4 Rc5 37. Rc8+ Kb6 38. Rb8+ Kc6 39. axb5+ Rxb5 40. Rxc4+ Rc5 41. Rc8+ Kb5 42. R8xc5+ Kb6 43.
Kd4 h5 44. e5 g4 45. Rd5 h4 46.
Rd7 Rd6+ 1-0

[Event "Nordstansblixten 2025"]
[Site "Nordstan, Göteborg, Sweden"]
[Date "2025.05.10"]
[Round "3.1"]
[White "Andersson, Stig"]
[Black "Wellevit, Tomas"]
[Result "1-0"]
[TimeControl "3 minutes + 2 seconds per move from move one"]
[WhiteFideId "1731971"]
[BlackFideId "1731963"]
[WhiteElo "1837"]
[BlackElo "2131"]

1. e4 c5 2. Nc3 Nc6 3.
f4 e6 4.
Nf3 Nf6 5. Be2 Nd4 6. d3 Be7 7. Nxd4 cxd4 8. Nb1 b6 9. O-O Bb7 10. Bf3 O-O 11. Nd2 b5 12. Nb3 Qb6 13. Kh1 a5 14. e5 Nd5 15. Bd2 a4 16. Nc1 f6 17. Ne2 fxe5 18. fxe5 Bc5 19. Qe1 Rf5 20. Ng3 Rf7 21. Be4 Raf8 22. Rxf7 Rxf7 23. Qe2 Ne3 24. Qh5 Bxe4 25. Nxe4 Qc6 26.
h3 Nf5 27. Kh2 Qd5 28. Ng5 Qxe5+ 29. Kg1 g6 30. Nxf7 gxh5 31. Nxe5 d6 32. Nd7 Ba7 33.
Nf6+ Kf7 34. Nxh5 e5 35. Kh2 Ke6 36. Ng3 Nh4 37. Ne4 d5 38. Ng5+ Kf5 39. Nxh7 e4 40. Kg3 Ng6 41. Ba5 Bb8+ 42. Kf2 e3+ 43. Ke2 Nf4+ 44. Kf3 Bd6 45. h4 Ng6 46. g4+ Ke6 47. Ng5+ Kf6 48. Nh7+ Kg7 49. Ng5 Ne5+ 50. Ke2 Kf6 51. Nf3 Nxg4 52. Nxd4 Be5 53. Nxb5 d4 54. Rf1+ Kg6 55. Bb6 Kh5 56. Nxd4 Nf2 57.
Nf3 Bf4 58. Bxe3 Bxe3 59. Kxe3 Ng4+ 60. Kf4 Nf6 61. Kg3 Nd5 62.
Ne5 Ne3 63. Kh3 Nxc2 64. Rf5+ Kh6 65. Rf6+ Kg7 66. Rf7+ Kg8 67. Ra7 Nd4 68. b3 axb3 69. axb3 Nxb3 70. Kg4 Nd4 71. Kg5 Ne6+ 72. Kf6 Nf4 73. Ng6 Nxd3 74. Ne7+ Kh7 75. Nf5+ Kh8 76. Kg6 Ne5+ 77. Kh6 Kg8 78. Nd6 Ng4+ 79.
Kg5 Ne3 80. Kg6 Kf8 81. h5 Nd5 82. h6 Ne7+ 83. Rxe7 Kxe7 84. Nf5+ Ke6 85. h7 1-0

[Event "Nordstansblixten 2025"]
[Site "Nordstan, Göteborg, Sweden"]
[Date "2025.05.10"]
[Round "3.2"]
[White "Olivius, Sten"]
[Black "Bergdahl, Daniel"]
[Result "1-0"]
[TimeControl "3 minutes + 2 seconds per move from move one"]
[WhiteFideId "1788728"]
[BlackFideId "1780921"]
[WhiteElo "1874"]
[BlackElo "1855"]

1. b3 Nf6 2. Bb2 g6 3. Nf3 Bg7 4. d3 O-O 5. e4 d6 6. Be2 Nbd7 7. O-O e5 8. Na3 c6 9. Nc4 Nb6 10.
Nxb6 axb6 11. Re1 Nh5 12. Qd2 Nf4 13. Bf1 Bh6 14. Kh1 Bg4 15. Ng1 Nh3 16. Re3 Bxe3 17. Qxe3 Nf4 18. h3 Bd7 19. g3 Ne6 20. f4 exf4 21.
gxf4 Qh4 22. f5 Ng7 23. Qd4 f6 24.
Qxd6 Rad8 25. Qh2 Nh5 26. Ne2 gxf5 27.
exf5 Bxf5 28. Bg2 Kf7 29. Rf1 Be6 30. Bf3 Ng7 31. Nf4 Nf5 32. Nxe6 Ng3+ 1-0

[Event "Nordstansblixten 2025"]
[Site "Nordstan, Göteborg, Sweden"]
[Date "2025.05.10"]
[Round "3.3"]
[White "Madevan Vaishnavi, Yaashvan"]
[Black "Mohammed, Safian Haj"]
[Result "1-0"]
[TimeControl "3 minutes + 2 seconds per move from move one"]
[WhiteFideId "1772180"]
[BlackFideId "1729276"]
[WhiteElo "1717"]
[BlackElo "1874"]

1. e4 c5 2. c3 d5 3. exd5 Qxd5 4. d4 Nf6 5. Nf3 cxd4 6. cxd4 Nc6 7. Nc3 Qd8 8. Be3 e6 9. Bc4 Be7 10. O-O O-O 11. Qe2 a6 12. a4 Bd7 13. Rad1 Rc8 14. Ba2 Qa5 15. Bb1 h6 16. Nd2 Qh5 17.
Qxh5 Nxh5 18. Nde4 Nf6 19. Nc5 Be8 20.
d5 exd5 21. Nxd5 Nxd5 22. Rxd5 Nb4 23. Re5 Bd6 24. Re4 Bc6 25. Rxb4 a5 26. Rc4 Bd5 27. Rcc1 Be5 28. Nd3 Bf6 29.
h3 Rcd8 30. Rc7 Be4 31. Nc5 Bd5 32. Nxb7 Be5 33. Nxd8 Bxc7 34. Nxf7 Bxf7 35. Be4 Bb3 36. Bc6 Rd8 37. Bc5 Kf7 38. Re1 Kf6 39. Be7+ Kg6 40. Be4+ Kf7 41. Bxd8 Bxd8 42. Bc6 Bf6 43. Re2 Kg6 44. g4 h5 45.
Be8+ Kh6 46. Kg2 hxg4 47. hxg4 Bd1 48. Re4 Bb3 49. Kg3 Bd5 50. Re2 Bc4 51. Rc2 Bb3 52. Rc8 Bd5 53. Rc5 Be5+ 54. Kh3 Bd6 55. Rxd5 1-0

[Event "Nordstansblixten 2025"]
[Site "Nordstan, Göteborg, Sweden"]
[Date "2025.05.10"]
[Round "3.4"]
[White "Bergdahl, Martin"]
[Black "Torres, Lucas"]
[Result "0-1"]
[TimeControl "3 minutes + 2 seconds per move from move one"]
[WhiteFideId "1782231"]
[BlackFideId "1769464"]
[WhiteElo "1867"]
[BlackElo "1805"]

1. Nf3 Nf6 2. b3 g6 3. Bb2 Bg7 4. g3 O-O 5. Bg2 d6 6. Nc3 Nc6 7. O-O Bf5 8. Nh4 Bd7 9. f4 e5 10. fxe5 dxe5 11. e3 Qe7 12. Nb5 Bg4 13. Bf3 Bxf3 14. Qxf3 a6 15. Ba3 Qd7 16.
Bxf8 Rxf8 17. Na3 Qxd2 18. Nc4 Qd7 19. Rad1 Qe6 20. Ng2 e4 21. Qe2 b5 22.
Nd2 Ne5 23. Nf4 Qc6 24. Qg2 Qxc2 25.
Rc1 Qxa2 26. Nxe4 Nxe4 27. Qxa2 Ng4 28. Rxc7 Nxe3 29. Re1 Bd4 30. Rxe3 Bxe3+ 31. Kg2 Rd8 32. Ne2 Rd2 33. Rc2 Rd8 34.
Nc3 Nf6 35. Re2 Bd4 36. Ne4 Nd5 37. Qd2 Be5 38. Ng5 Nf4+ 39. gxf4 Rxd2 40. Rxd2 Bxf4 41. Nh3 Bxd2 42. Nf2 Bh6 43.
Ne4 Bf8 44. Nf6+ Kg7 45. Ne8+ Kh6 46. Nc7 b4 47. Nxa6 Bd6 48. h4 Kh5 49. Kh3 f5 50. Kg2 Kxh4 51. Kh1 g5 52. Kg1 g4 53. Kh1 h5 54. Kg1 Kg3 0-1

[Event "Nordstansblixten 2025"]
[Site "Nordstan, Göteborg, Sweden"]
[Date "2025.05.10"]
[Round "3.5"]
[White "Buzleta, Patrik"]
[Black "Kadunic, Admir"]
[Result "0-1"]
[TimeControl "3 minutes + 2 seconds per move from move one"]
[WhiteFideId "1755463"]
[BlackFideId "1773542"]
[WhiteElo "1950"]
[BlackElo "2109"]

1. Nf3 d5 2. b3 Nc6 3.
e3 Nf6 4. h3 e5 5. d3 Bd6 6. Bb2 Qe7 7. a3 h6 8. Qe2 Bf5 9. Nbd2 Bg6 10. g4 e4 11. Nh2 exd3 12. cxd3 Be5 13. Ndf3 Bxb2 14. Qxb2 O-O 15. Bg2 Bxd3 16. g5 hxg5 17. Nxg5 Ne4 18. Bxe4 Bxe4 19. Rg1 f6 20. Ngf3 Rad8 21. O-O-O Qc5+ 22. Kd2 d4 23.
Ke1 dxe3 24. Rxd8 Rxd8 25. Rg2 Qd5 26. fxe3 Bxf3 27. Qxf6 0-1

[Event "Nordstansblixten 2025"]
[Site "Nordstan, Göteborg, Sweden"]
[Date "2025.05.10"]
[Round "3.6"]
[White "Karlsson, Stefan"]
[Black "Cigoja, Vuk"]
[Result "1-0"]
[TimeControl "3 minutes + 2 seconds per move from move one"]
[WhiteFideId "1771183"]
[BlackFideId "14411628"]
[WhiteElo "2128"]
[BlackElo "1719"]

1. d3 d5 2. Nd2 Nf6 3.
Ngf3 Bf5 4. g3 e6 5. Bg2 c6 6. O-O Bd6 7. Nh4 Bg6 8.
e4 O-O 9. Nxg6 fxg6 10. Qe2 Qc7 11. c3 Nbd7 12. Nf3 Rae8 13. a4 dxe4 14. dxe4 e5 15. Rd1 a5 16. Ng5 Nb6 17. Bh3 Qb8 18.
Be6+ Rxe6 19. Nxe6 Re8 20. Ng5 h6 21. Nf3 Bc5 22. Be3 Bxe3 23. Qxe3 Nc4 24. Qe2 1-0

[Event "Nordstansblixten 2025"]
[Site "Nordstan, Göteborg, Sweden"]
[Date "2025.05.10"]
[Round "3.7"]
[White "Vairav, Vihaan"]
[Black "Kenani, Dariush"]
[Result "0-1"]
[TimeControl "3 minutes + 2 seconds per move from move one"]
[WhiteFideId "1783971"]
[BlackFideId "1707973"]
[WhiteElo "1463"]
[BlackElo "1933"]

1. d4 Nf6 2. c4 e6 3.
Nc3 d5 4. cxd5 exd5 5. Bg5 c6 6. Qc2 Be7 7. Nf3 Be6 8.
Qb3 b6 9. Ne5 O-O 10. Bxf6 Bxf6 11. Nf3 c5 12. dxc5 d4 13.
Nb5 Bxb3 14. axb3 bxc5 15. Rc1 Qa5+ 16. Nd2 Qxb5 17. e3 dxe3 18. Bxb5 exd2+ 19. Kxd2 a6 20. Be2 Bd4 21. Ke1 Ra7 22.
Rc2 Nd7 23. Bg4 Nf6 24. Bf3 g6 25. Be2 Re8 26. Kd1 Kg7 27. Kc1 Bxf2 28. Rf1 Be3+ 29. Kb1 a5 30. Rf3 Bd4 31. Bc4 a4 32. bxa4 Rxa4 33. Bb5 Re1+ 34. Rc1 Rxc1+ 35. Kxc1 Rb4 36. Bd3 Bxb2+ 37. Kc2 Bd4 38. Rf1 Rb2+ 39. Kc1 Rxg2 40. Bc4 Rxh2 41. Re1 Rf2 42. Re7 Nh5 43. Rxf7+ Rxf7 44. Bxf7 Kxf7 45. Kd2 Ke6 46. Kd3 Kd5 47. Kd2 Nf6 48. Ke2 Nd7 49.
Kd2 g5 50. Ke2 g4 51. Kf1 h5 52. Kg2 h4 53. Kh2 Ke4 54. Kg2 Kf4 55. Kh2 Kf3 56. Kh1 Nf6 57. Kh2 Ne4 58. Kh1 Kf2 59. Kh2 Be5 60. Kh1 Ng3+ 61. Kh2 Nf1 62. Kh1 Ng3+ 63. Kh2 Kf3 64. Kg1 c4 65. Kh2 c3 66. Kg1 c2 67. Kh2 Bf4 68.
Kg1 c1=Q+ 69. Kh2 Qh1+ 0-1

[Event "Nordstansblixten 2025"]
[Site "Nordstan, Göteborg, Sweden"]
[Date "2025.05.10"]
[Round "3.8"]
[White "Gustavsson, Ville"]
[Black "Munuswamy, Shivakumar"]
[Result "0-1"]
[TimeControl "3 minutes + 2 seconds per move from move one"]
[WhiteFideId "1792822"]
[BlackFideId "1788914"]
[WhiteElo "1798"]
[BlackElo "1458"]

1. e4 d5 2. exd5 Nf6 3. d4 Nxd5 4.
Nf3 Bg4 5. c4 Nb6 6. Be3 e6 7. Nbd2 Nc6 8. Be2 Bxf3 9. Nxf3 Bb4+ 10. Bd2 Be7 11. Bc3 Qd7 12. O-O O-O-O 13. a3 g5 14.
d5 exd5 15. Bxh8 Rxh8 16. cxd5 Nxd5 17. Nd4 h5 18. Nxc6 Qxc6 19. Bxh5 Nf4 20. Bf3 Qh6 21. Bg4+ Kb8 22. h3 Nxh3+ 23. Bxh3 f5 24. f3 Qb6+ 25. Kh2 Bd6+ 26. Kh1 Qxb2 27. Qd5 Rxh3+ 28. gxh3 Qh2# 29.
Qg8+ Bf8+ 0-1

[Event "Nordstansblixten 2025"]
[Site "Nordstan, Göteborg, Sweden"]
[Date "2025.05.10"]
[Round "3.9"]
[White "Alsjo, Sigge"]
[Black "Ring, Sami"]
[Result "0-1"]
[TimeControl "3 minutes + 2 seconds per move from move one"]
[WhiteFideId "1794027"]
[BlackFideId "1785869"]
[WhiteElo "1539"]
[BlackElo "1712"]

1. e4 c5 2. Nf3 Nc6 3. d4 cxd4 4. Nxd4 Nf6 5. Nc3 e5 6. Nb3 Bb4 7. Bd3 O-O 8. O-O Bxc3 9. bxc3 d6 10. Be3 a6 11. Qd2 b5 12. c4 b4 13. c5 d5 14.
Rfe1 h6 15. exd5 Nxd5 16. Be4 Nde7 17. Qxd8 Rxd8 18. Red1 Rxd1+ 19. Rxd1 Bb7 20. h3 Rd8 21. Rxd8+ Nxd8 22. Bxb7 Nxb7 23. g4 Nc6 24. f4 a5 25.
fxe5 Nxe5 26. Kg2 Nc4 0-1

[Event "Nordstansblixten 2025"]
[Site "Nordstan, Göteborg, Sweden"]
[Date "2025.05.10"]
[Round "4.1"]
[White "Torres, Lucas"]
[Black "Olivius, Sten"]
[Result "1/2-1/2"]
[TimeControl "3 minutes + 2 seconds per move from move one"]
[WhiteFideId "1769464"]
[BlackFideId "1788728"]
[WhiteElo "1805"]
[BlackElo "1874"]

1. e4 e6 2. d4 d5 3. Nc3 Nf6 4. Bg5 dxe4 5. Nxe4 Be7 6. Bxf6 Bxf6 7. Nf3 Nd7 8. Bd3 Be7 9. O-O Nf6 10.
Qe2 O-O 11. c3 c6 12. Rad1 Nd5 13. Qd2 Bf6 14. c4 Nb6 15. Nxf6+ Qxf6 16. b3 Bd7 17. Rfe1 Rad8 18. Ne5 Bc8 19.
a4 Nd7 20. Nxd7 Bxd7 21. Be4 Rfe8 22. Qc2 h6 23. d5 exd5 24. cxd5 cxd5 25. Bxd5 Bg4 26. Rxe8+ Rxe8 27. Rf1 Qb6 28.
Qc3 Be6 29. Bxe6 Rxe6 30. Qc8+ Kh7 31.
Qc2+ g6 32. Rd1 Rd6 33. Rxd6 Qxd6 34. h3 Kg7 35. Qc3+ Kh7 36. Qf3 Qd7 37. h4 Kg7 38. h5 g5 39. Qc3+ f6 40. Qb4 Kf7 41. Qc4+ Kg7 42. Qc2 Qd6 43.
Qg6+ Kf8 44. Qxh6+ Ke7 45. Qg7+ Ke6 46. Qxb7 Qd1+ 47. Kh2 Qxh5+ 48. Kg1 Qd1+ 49. Kh2 Qh5+ 50. Kg1 1/2-1/2

[Event "Nordstansblixten 2025"]
[Site "Nordstan, Göteborg, Sweden"]
[Date "2025.05.10"]
[Round "4.2"]
[White "Madevan Vaishnavi, Yaashvan"]
[Black "Andersson, Stig"]
[Result "0-1"]
[TimeControl "3 minutes + 2 seconds per move from move one"]
[WhiteFideId "1772180"]
[BlackFideId "1731971"]
[WhiteElo "1717"]
[BlackElo "1837"]

1. e4 e5 2. Nf3 Nc6 3. d4 exd4 4.
Bc4 d6 5. Nxd4 Bd7 6. O-O Nf6 7. Nc3 Be7 8. Re1 O-O 9. Bf4 Ng4 10. Nxc6 bxc6 11. h3 Nf6 12. e5 Ne8 13. Qf3 a5 14. Rad1 a4 15. Qg3 d5 16.
Bd3 Bh4 17. Qf3 Bg5 18. Qh5 h6 19. Bxg5 Qxg5 20. Qxg5 hxg5 21. a3 g6 22. Be2 Ng7 0-1

[Event "Nordstansblixten 2025"]
[Site "Nordstan, Göteborg, Sweden"]
[Date "2025.05.10"]
[Round "4.3"]
[White "Kadunic, Admir"]
[Black "Wellevit, Tomas"]
[Result "0-1"]
[TimeControl "3 minutes + 2 seconds per move from move one"]
[WhiteFideId "1773542"]
[BlackFideId "1731963"]
[WhiteElo "2109"]
[BlackElo "2131"]

1. d4 d5 2. Nf3 Nf6 3. g3 Bf5 4. Bg2 Nc6 5. O-O e6 6. c4 Bd6 7. Nc3 O-O 8. cxd5 exd5 9. Bg5 Be6 10.
Qb3 Na5 11. Qc2 Be7 12. Ne5 Nc6 13. Nxc6 bxc6 14. Na4 Rb8 15. Rab1 Qd7 16. Nc5 Bxc5 17. Qxc5 Ne4 18. Be3 Nxc5 0-1

[Event "Nordstansblixten 2025"]
[Site "Nordstan, Göteborg, Sweden"]
[Date "2025.05.10"]
[Round "4.4"]
[White "Munuswamy, Shivakumar"]
[Black "Karlsson, Stefan"]
[Result "0-1"]
[TimeControl "3 minutes + 2 seconds per move from move one"]
[WhiteFideId "1788914"]
[BlackFideId "1771183"]
[WhiteElo "1458"]
[BlackElo "2128"]

1. e4 c5 2. Nf3 d6 3.
Bc4 Nf6 4. Nc3 Nc6 5. d4 cxd4 6. Nxd4 Qb6 7. Nxc6 bxc6 8. b3 g6 9. Bb2 Bg7 10. Qd3 O-O 11. f4 Bb7 12. O-O-O Rad8 13. h3 d5 14. exd5 cxd5 15. Nxd5 Bxd5 16. Bxf6 Bxc4 17.
Qxc4 Bxf6 18. g4 Qe3+ 19. Kb1 Rc8 20. Qd3 Qxf4 21. Rhf1 Qb4 22. h4 Qa3 23. c3 Rxc3 24. Rxf6 Rxd3 25.
Rxd3 0-1